 Dungeon Crawl Stone Soup version 0.30-a0-760-g5a9884bb7c (webtiles) character file.

Game seed: 2057805769076332156

88 DryNick the Magician (level 4, -20/32 HPs)
             Began as a Djinni Hedge Wizard on Feb 11, 2023.
             Demolished by a gnoll
             ... wielding a +1 heavy flail
              (22 damage)
             ... on level 6 of the Dungeon.
             The game lasted 00:11:57 (2512 turns).

DryNick the Magician (Djinni Hedge Wizard)          Turns: 2512, Time: 00:11:58

Health: -20/32     AC:  3    Str:  9    XL:     4   Next: 82%
Gold:   173        EV: 12    Int: 18    God:
                   SH:  0    Dex: 12

rFire   + + .      SeeInvis .    a - +0 dagger
rCold   x . .      Faith    .    (no shield)
rNeg    . . .      Spirit   .    b - +0 robe
rPois   ∞          Reflect  .    c - +0 hat
rElec   .          Harm     .    (no cloak)
rCorr   .          Rampage  .    t - +0 pair of gloves
Will    .....                    (boots unavailable)
Stlth   ++                       (no amulet)
HPRegen 0.25/turn                (no ring)
MPRegen 0.00/turn                (no ring)

@: weak-willed, flying
A: sickness immunity, fire resistance 2, cold vulnerability 1, float, innate
caster, HP casting, extra vitality 1
a: no special abilities


You were on level 6 of the Dungeon.
You visited 1 branch of the dungeon, and saw 6 of its levels.

You collected 173 gold pieces.

Inventory:

Hand Weapons
 a - a +0 dagger (weapon)
Missiles
 e - a throwing net
Armour
 b - a +0 robe (worn)
 c - a +0 hat (worn)
 h - a +0 plate armour
 t - a +0 pair of gloves (worn)
 w - a +0 helmet
Magical Staves
 g - a staff of cold
Wands
 q - a wand of mindburst (13)
Scrolls
 r - a scroll of fear
Potions
 d - a potion of magic
 f - a potion of berserk rage {unknown}
 i - a potion of mutation {unknown}
 j - a potion of invisibility {unknown}
 l - a potion of might


   Skills:
 * Level 1.3 Fighting
 * Level 1.1 Armour
 + Level 2.5 Dodging
 - Level 1.5 Stealth
 + Level 3.4 Spellcasting


You couldn't memorise any spells.
You knew the following spells:

 Your Spells              Type           Power      Damage    Failure   Level
a - Magic Dart            Conj           60%        1d6       3%          1
b - Slow                  Hex            60%        N/A       3%          1
c - Blink                 Tloc           30%        N/A       5%          2
d - Call Imp              Summ           15%        N/A       5%          2
e - Mephitic Cloud        Conj/Pois/Air  15%        N/A       11%         3
f - Sandblast             Erth           30%        2d9       3%          1
Your spell library was empty.

Dungeon Overview and Level Annotations

Branches:
Dungeon (6/15)
 Temple: D:4-7

Altars:
Elyvilon
Trog
Yredelemnul


Innate Abilities, Weirdness & Mutations

You are immune to sickness and miasma.
You are immune to poison.
Your flesh is very heat resistant. (rF++)
You are vulnerable to cold. (rC-)
You float through the air rather than walking.
You learn spells naturally, not from books.
Your magical power is your life essence.
You have superior vitality. (+4 MHP)


Message History

The orc warrior howls, "Help!"
A howler monkey comes into view.
As you read the scroll of identify, it crumbles to dust.
n - a scroll of magic mapping
As you read the scroll of magic mapping, it crumbles to dust.
You feel aware of your surroundings.
You sensed 1 altar.
An ogre comes into view. It is wielding a +0 giant club.
As you read the scroll labelled WUN BACROIP, it crumbles to dust.
Magic quickly surges around you.
It was a scroll of vulnerability.
As you read the scroll labelled RAEN QOATHREYMP, it crumbles to dust.
The creatures around you are filled with an inner flame!
It was a scroll of immolation.
The sentinel's mark upon you fades away.
The bullfrog hits you but does no damage.
Okay, then.
As you read the scroll labelled SONIMP EGUETYR, it crumbles to dust.
You hear a loud clanging noise!
It was a scroll of noise.
The bullfrog hits you. The ogre barely misses you.
The ogre attacks as you move away! The ogre closely misses you.
Found 10 gold pieces.
The bullfrog misses you.
A gnoll comes into view. It is wielding a +0 spear.
The gnoll hits you with a +0 spear. The bullfrog barely misses you.
You feel much better. The bullfrog hits you.
The gnoll hits you with a +0 spear. The howler monkey barely misses you.
The gnoll attacks as you move away! The gnoll hits you with a +0 spear.
An orc wizard comes into view. It is wielding a +0 dagger.
The orc wizard shouts!
The gnoll barely misses you.
The gnoll hits you with a +1 heavy flail!
* * * LOW HITPOINT WARNING * * *
The bullfrog closely misses you. The bullfrog attacks as you move away!
The bullfrog misses you. The gnoll closely misses you.
A jelly comes into view.
The bullfrog attacks as you move away! The bullfrog hits you.
* * * LOW HITPOINT WARNING * * *
The gnoll attacks as you move away!
The gnoll hits you with a +1 heavy flail!!
Ouch! That really hurt!
You die...

########..........#
................#.#
...?..........#...#
.o.[.h...J.g##..#.# *******
#..........#.#..#.# *,,,,,*
.##o.....##.#O....# *,***,*
##.#....#.##...h#.# *,* *,**
#o#.#..#.#.#...F#.### *,* *,,,
.#S##..##.#...gg@...# *,* ****
..##....##.....g#.#.# *,* *,,,
..o............g..#,* *,* *,**
.................##,* *,* *,,,
..##....##.....o.#*,* *,*****,
.#.##.{##.#.$....#*,* *,,,,,*,
#.#.#..#.#.#....##*,* *****,,,
##.#....#.##....***,*************
.##......##.#...,,,,,,,,,,,,,,,,,


You could see an ogre (inner flame, weak-willed), a bullfrog (inner flame,
weak-willed), a howler monkey, a jelly (wandering), an orc wizard and 5 gnolls.

Vanquished Creatures
  3 adders
  A worm (D:2)
  4 dart slugs
  7 ball pythons
  3 endoplasms
  A giant cockroach (D:1)
  4 goblins
  4 hobgoblins
  4 jackals (D:1)
  5 kobolds
  4 quokkas (D:2)
  5 bats
  A frilled lizard (D:1)
  2 rats
48 creatures vanquished.

Vanquished Creatures (others)
  4 plants (D:4)
4 creatures vanquished.

Grand Total: 52 creatures vanquished

Notes
Turn   | Place    | Note
-------+----------+-------------------------------------------
     0 | D:1      | DryNick the Djinni Hedge Wizard began the quest for the
                  | Orb.
     0 | D:1      | DryNick set off with the following spells memorised: Magic
                  | Dart, Slow, Blink, Call Imp, Mephitic Cloud.
     0 | D:1      | Reached XP level 1. HP: 15/15 MP: 0/0
   249 | D:1      | Reached XP level 2. HP: 10/21 MP: 0/0
   690 | D:1      | Reached XP level 3. HP: 25/26 MP: 0/0
   690 | D:1      | Learned a level 1 spell: Sandblast
   879 | D:1      | Reached skill level 3 in Spellcasting
  1224 | D:2      | Reached skill level 1 in Fighting
  1440 | D:2      | Reached XP level 4. HP: 26/32 MP: 0/0
  1676 | D:2      | Reached skill level 1 in Armour
  1752 | D:2      | Found a faded altar of an unknown god.
  1902 | D:3      | Found a white marble altar of Elyvilon.
  2002 | D:3      | Found a basalt altar of Yredelemnul.
  2213 | D:3      | You are sucked into a shaft and drop 3 floors!
  2245 | D:6      | Noticed a bullfrog
  2247 | D:5      | Entered Level 5 of the Dungeon
  2358 | D:4      | Found a bloodstained altar of Trog.
  2392 | D:4      | Noticed a black bear
  2420 | D:5      | Noticed a black bear
  2481 | D:6      | Noticed a black bear
  2490 | D:6      | Noticed an orc warrior
  2491 | D:6      | Noticed a water moccasin
  2504 | D:6      | Noticed an ogre
  2512 | D:6      | Demolished by a gnoll

Illustrated notes

Levels and vault maps discovered:
D:1:      co_arrival_two_rings, layout_basic
D:2:      layout_basic, shapermc_ecumenical_altar_hornbeckon,
          minmay_misc_feat_enclosed, minivault_14
D:3:      layout_loops_cross, kennysheep_ying_yang
D:4:      layout_rooms, mainiacjoe_overflow_six_doors_small,
          nicolae_vehumet_radiance, mainiacjoe_overflow_chevrons, uniq_menkaure
D:5:      layout_basic, kennysheep_mini, minmay_temple_entry_mini_moons
D:6:      layout_basic, evilmike_ruin_ashenzari, minmay_misc_feat_pillars,
          minmay_misc_feat_secret_circle, st_stairs_8, grunt_ministairs_12

Skill      XL: |  1  2  3  4 |
---------------+-------------+-----
Spellcasting   | 3 |  3.4
Fighting       | 1 |  1.3
Armour         | 1 |  1.1
Dodging        | |  2.5
Stealth        | |  1.5

Action                     |  1- 3 |  4- 6 || total
---------------------------+-------+-------++-------
  Melee: Dagger            |     8 |       ||     8
   Cast: Magic Dart        |    86 |    43 ||   129
    Use: Scroll            |       |     9 ||     9
         Potion            |       |     5 ||     5
 Armour: Robe              |     3 |     8 ||    11
  Dodge: Dodged            |    19 |    25 ||    44

Table legend: (Time is in decaauts)
 A = Elapsed time spent in this place.
 B = Non-inter-level travel time spent in this place.
 C = Inter-level travel time spent in this place.
 D = Time resting spent in this place.
 E = Time spent auto-exploring this place.
 F = Levels seen in this place.
 G = Mean time per level.
                   A        B        C        D        E       F      G
               +--------+--------+--------+--------+--------+-----+--------+
         Total |   2512 |   2464 |     48 |     82 |   1902 |   6 |  418.7 |
       Dungeon |   2512 |   2464 |     48 |     82 |   1902 |   6 |  418.7 |
               +--------+--------+--------+--------+--------+-----+--------+

Top non-repeatable levels by time:
     D:1: 1081 daAuts
     D:2: 723 daAuts
     D:3: 407 daAuts
     D:4: 142 daAuts
     D:6: 110 daAuts
     D:5: 46 daAuts
